 Dungeon Crawl Stone Soup version 0.30.0-10-gfe55d96785 (webtiles) character file.

Game seed: 9662598007596353724

10845 ragingrage the Basher (level 11, 0/66 HPs)
             Began as a Gargoyle Cinder Acolyte on May 15, 2023.
             Was a Priest of Ignis.
             Slain by a yak (2 damage)
             ... on level 10 of the Dungeon.
             The game lasted 00:15:01 (12720 turns).

ragingrage the Basher (Gargoyle Cinder Acolyte)    Turns: 12720, Time: 00:15:02

Health: 0/66       AC: 15    Str: 20    XL:     11   Next: 68%
Magic:  5/23       EV: 11    Int: 21    God:    Ignis [***...]
Gold:   187        SH:  0    Dex:  7    Spells: 12/14 levels left

rFire   + . .        b - +8 mace "ragingrage's Curse" {heavy, rCorr}
rCold   . . .        (no shield)
rNeg    + . .        K - +0 steam dragon scales
rPois   ∞            m - +0 helmet
rElec   +            (no cloak)
rCorr   +            (no gloves)
SInv    .            (no boots)
Will    .....        L - amulet of regeneration
Stlth   ++           e - ring of magical power
HPRegen 1.11/turn    M - +6 ring of intelligence
MPRegen 0.18/turn

%: no passive effects
@: no status effects
A: sickness immunity, AC +8, negative energy resistance 1, electricity
resistance, torment resistance 1, petrification resistance
a: Renounce Religion, Fiery Armour, Foxfire Swarm, Rising Flame


You were on level 10 of the Dungeon.
You worshipped Ignis.
Ignis was most pleased with you.
You visited 2 branches of the dungeon, and saw 11 of its levels.

You collected 517 gold pieces.
You spent 330 gold pieces at shops.

Inventory:

Hand Weapons
 a - a +1 sling of freezing
 b - the +8 mace "ragingrage's Curse" (weapon) {heavy, rCorr}
   (You took it off a centaur on level 7 of the Dungeon)

   rCorr:     It protects you from acid and corrosion.
 S - a +2 scimitar of flaming
 T - the +7 battleaxe "Nibyc" {spect, rC+++ Str-5 Int+4}
   (You took it off a centaur on level 9 of the Dungeon)

   Str:       It affects your strength (-5).
   Int:       It affects your intelligence (+4).
   rC:        It renders you almost immune to cold.
Missiles
 f - 9 boomerangs
 l - 8 javelins
 D - 3 throwing nets
 G - 6 poisoned darts
 V - 5 curare-tipped darts
Armour
 m - a +0 helmet (worn)
 K - +0 steam dragon scales (worn)
 O - a +1 robe of cold resistance
Magical Staves
 v - the staff of cold "Hiclu" {rC+ Will+}
   (You found it on level 3 of the Dungeon)

   [staff of cold]

   Base accuracy: +5 Base damage: 5 Base attack delay: 1.2 This weapon's minimum
   attack delay (0.6) is reached at skill level 12.
   rC:        It protects you from cold.
   Will:      It increases your willpower.
   It falls into the 'Staves' category.
   It is a one-handed weapon.
Jewellery
 e - a ring of magical power (left hand)
 j - a ring of positive energy
 L - an amulet of regeneration (around neck)
 M - a +6 ring of intelligence (right hand)
Wands
 E - a wand of polymorph (11)
 N - a wand of digging (5)
 Q - a wand of acid (4)
Scrolls
 d - 7 scrolls of identify {unknown}
 g - 2 scrolls of noise {unknown}
 n - 2 scrolls of poison {unknown}
 r - 2 scrolls of fog {unknown}
 s - 2 scrolls of silence {unknown}
 t - a scroll of enchant weapon {unknown}
 u - a scroll of summoning {unknown}
 x - 4 scrolls of enchant armour {unknown}
 y - 2 scrolls of immolation {unknown}
 A - 2 scrolls of teleportation {unknown}
 B - 2 scrolls of amnesia {unknown}
 F - a scroll of fear {unknown}
 H - a scroll of vulnerability {unknown}
 J - a scroll of blinking {unknown}
Potions
 c - 3 potions of degeneration {unknown}
 h - a potion of cancellation {unknown}
 i - 6 potions of curing {unknown}
 k - a potion of haste {unknown}
 o - 3 potions of brilliance {unknown}
 p - 6 potions of mutation {unknown}
 q - 5 potions of flight {unknown}
 w - a potion of ambrosia {unknown}
 z - 2 potions of berserk rage {unknown}
 C - a potion of magic {unknown}
 I - a potion of attraction {unknown}
 P - a potion of heal wounds {unknown}
 R - 3 potions of might {unknown}
Miscellaneous
 U - a tin of tremorstones (2/2)


   Skills:
 + Level 6.9 Fighting
 - Level 14.0 Maces & Flails
 - Level 6.0 Throwing
 - Level 3.7 Armour
 - Level 3.0 Stealth
 - Level 2.0 Spellcasting
 + Level 5.9 Fire Magic
 + Level 3.4 Evocations


You had 12 spell levels left.
You knew the following spells:

 Your Spells              Type           Power      Damage    Failure   Level
a - Scorch                Fire           52%        2d7       1%          2

Your spell library contained the following spells:

 Spells                   Type           Power      Damage    Failure   Level
 Apportation              Tloc           4%         N/A       14%         1
 Ignite Poison            Fire/Tmut/Pois 10%        N/A       21%         3
 Vhi's Electric Charge    Tloc/Air       4%         N/A       41%         3
 Anguish                  Hex/Necr       1%         N/A       82%         4
 Cause Fear               Hex            1%         N/A       82%         4
 Summon Lightning Spire   Summ/Air       2%         N/A       82%         4
 Alistair's Intoxication  Tmut/Pois      1%         N/A       99%         5
 Arcjolt                  Conj/Air       1%         1d11      99%         5
 Freezing Cloud           Conj/Ice/Air   1%         6-21      99%         5
 Plasma Beam              Fire/Air       7%         2x1d19    100%        6
 Enfeeble                 Hex            1%         N/A       100%        7
 Storm Form               Tmut/Air       1%         N/A       100%        7
 Maxwell's Capacitive Co  Air            1%         ∞         100%        8
 Cigotuvi's Dreadful Rot  Necr/Pois/Air  Unusable   N/A       N/A         2

Dungeon Overview and Level Annotations

Branches:
Dungeon (10/15)            Temple (1/1) D:4
   Lair: D:8-11         Orc: D:9-12

Altars:
Ashenzari
Cheibriados
Dithmenos
Elyvilon
Fedhas
Gozag
Hepliaklqana
Kikubaaqudgha
Makhleb
Nemelex Xobeh
Okawaru
Qazlal
Ru
Sif Muna
Trog
Uskayaw
Vehumet
Wu Jian
Xom
Yredelemnul
Zin

Shops:
D:6 (=**:

Annotations:
D:6 exclusion: downstairs


Innate Abilities, Weirdness & Mutations

You are immune to sickness and miasma.
Your stone body is resilient. (AC +8)
You are immune to poison.
You resist negative energy. (rN+)
You are resistant to electric shocks. (rElec)
You are resistant to unholy torment.
You are immune to petrification.


Message History

You barely miss Urug.
Urug hits you with a +3 antimagic demon trident.
You feel your power leaking away.
Unknown command.
Activating: Foxfire Swarm Flames leap up around you!
The yak barely misses you.
Urug hits you with a +3 antimagic demon trident!
You feel your power leaking away.
Unknown command.
You closely miss Urug.
The foxfire hits Urug. x3; The foxfire hits the yak.
The foxfire hits Urug. x2
The foxfire hits the yak but does no damage.
The foxfire hits Urug.
The foxfire hits the yak but does no damage.
The foxfire hits Urug. x2; The foxfire hits the yak.
Urug hits you but does no damage. The yak gores you but does no damage.
You bludgeon Urug!! Urug hits you but does no damage.
Unknown command.
You closely miss Urug.
A yak comes into view.
The yak gores you but does no damage. The yak gores you!
* * * LOW HITPOINT WARNING * * *
Urug mutters, "Sometimes I wonder if they all really are harpies."
Urug hits you with a +3 antimagic demon trident.
* * * LOW HITPOINT WARNING * * *
You feel your power leaking away.
You sock Urug!
You kill Urug!
A yak comes into view.
The yak gores you.
* * * LOW HITPOINT WARNING * * *
The yak gores you.
* * * LOW HITPOINT WARNING * * *
Unknown command.
You bludgeon the yak!! The yak completely misses you. The yak gores you!
* * * LOW HITPOINT WARNING * * *
The yak gores you.
* * * LOW HITPOINT WARNING * * *
The yak gores you.
You die...

...............#
.....##>..........#
....##...........#
#...##...........#
#...##...........#
#...##............
#...##............
#..Y##Y.........##
#..@Y.Y.........#
#..)####.........#
#... #.........#
#... #.........#
#... #...Y.....
#... #........ #...
....... ....


You could see 4 yaks.

Vanquished Creatures
  Erica (D:9)
  A tengu warrior (D:9)
  Urug (D:10)
  A deep elf pyromancer (D:9)
  An ugly thing (D:9)
  A manticore (D:9)
  Joseph (D:7)
  Psyche (D:8)
  An unseen horror (D:10)
  A troll (D:9)
  A jumping spider (D:8)
  A wraith (D:8)
  2 wyverns
  Grum (D:8)
  15 yaks
  2 steam dragons (D:7)
  A warg (D:10)
  2 water moccasins (D:6)
  3 sky beasts
  A black bear (D:6)
  2 ice beasts (D:6)
  3 wolves (D:8)
  An ogre (D:6)
  4 centaurs
  A phantom (D:4)
  4 lemures (D:8)
  2 bullfrogs
  6 scorpions
  7 wights (D:6)
  11 killer bees
  3 jellies
  3 orc priests
  A gnoll bouda (D:6)
  2 hounds
  3 sleepcaps
  Jessica (D:1)
  4 iguanas
  8 orc wizards
  Robin (D:2)
  8 adders
  8 gnolls
  2 white imps
  2 dart slugs
  31 orcs
  8 ball pythons
  5 endoplasms
  4 giant cockroaches
  15 goblins
  11 hobgoblins
  11 jackals
  6 kobolds
  5 quokkas
  6 bats
  2 frilled lizards
  4 rats
234 creatures vanquished.

Vanquished Creatures (others)
  39 foxfires
39 creatures vanquished.

Grand Total: 273 creatures vanquished

Notes
Turn   | Place    | Note
-------+----------+-------------------------------------------
     0 | D:1      | ragingrage the Gargoyle Cinder Acolyte began the quest for
                  | the Orb.
     0 | D:1      | Reached XP level 1. HP: 14/14 MP: 2/2
    46 | D:1      | Reached XP level 2. HP: 16/19 MP: 3/3
    58 | D:1      | Learned a level 2 spell: Scorch
   496 | D:1      | Reached XP level 3. HP: 23/23 MP: 4/4
   886 | D:2      | Noticed Jessica
   897 | D:1      | Killed Jessica
   898 | D:1      | Reached XP level 4. HP: 26/28 MP: 5/5
   992 | D:2      | Reached skill level 4 in Maces & Flails
  1016 | D:2      | Noticed Robin
  1079 | D:2      | Killed Robin
  1262 | D:2      | Reached XP level 5. HP: 32/32 MP: 6/6
  2582 | D:3      | Identified the staff of cold "Hiclu" {rC+ Will+}
  2860 | D:4      | Noticed a centaur
  2873 | D:4      | Killed a centaur
  2874 | D:4      | Reached skill level 5 in Maces & Flails
  2874 | D:4      | Reached skill level 5 in Fire Magic
  2874 | D:4      | Reached XP level 6. HP: 9/37 MP: 6/7
  3083 | D:4      | Reached skill level 6 in Maces & Flails
  3340 | D:4      | Found a staircase to the Ecumenical Temple.
  3348 | Temple   | Entered the Ecumenical Temple
  3816 | D:4      | Reached XP level 7. HP: 33/41 MP: 8/8
  4010 | D:4      | Reached skill level 1 in Armour
  4263 | D:5      | Entered Level 5 of the Dungeon
  4911 | D:5      | Reached skill level 7 in Maces & Flails
  5165 | D:5      | Found a sparkling altar of Nemelex Xobeh.
  5476 | D:6      | Found Imac's Jewellery Shop.
  5546 | D:6      | Found Cyttip's Assorted Antiques.
  5697 | D:6      | Reached XP level 8. HP: 46/46 MP: 9/9
  5761 | D:6      | Found Hierih's Book Emporium.
  5842 | D:6      | Reached skill level 8 in Maces & Flails
  6187 | D:6      | Found Tant's Antique Weapon Emporium.
  6279 | D:6      | Reached skill level 9 in Maces & Flails
  6402 | D:6      | Found Reyblor's Assorted Antiques.
  6639 | D:6      | Reached skill level 10 in Maces & Flails
  6711 | D:6      | Reached XP level 9. HP: 51/51 MP: 10/10
  7414 | D:6      | Reached skill level 11 in Maces & Flails
  8430 | D:7      | Noticed Joseph
  8449 | D:7      | Killed Joseph
  8450 | D:7      | Reached skill level 12 in Maces & Flails
  8856 | D:7      | Found a hazy altar of Hepliaklqana.
  8868 | D:7      | Identified the +8 mace "ragingrage's Curse" {heavy, rCorr}
  8999 | D:7      | Found a shimmering blue altar of Sif Muna.
  9003 | D:7      | Found a shadowy altar of Dithmenos.
  9005 | D:7      | Found a bloodstained altar of Trog.
  9007 | D:7      | Found a basalt altar of Yredelemnul.
  9126 | D:7      | Reached skill level 5 in Fighting
  9126 | D:7      | Reached XP level 10. HP: 59/59 MP: 11/11
  9188 | D:7      | Found a sacrificial altar of Ru.
  9520 | D:8      | Reached skill level 13 in Maces & Flails
  9574 | D:6      | Bought an amulet of regeneration for 330 gold pieces
  9747 | D:8      | Noticed Grum
  9770 | D:8      | Killed Grum
  9845 | D:8      | Noticed Psyche
  9889 | D:8      | Killed Psyche
 10009 | D:8      | Noticed Pikel
 10020 | D:8      | Pikel changed into Pikel the jumping spider
 10020 | D:8      | Noticed Pikel
 10055 | D:8      | Killed Pikel the jumping spider
 10198 | D:8      | Reached skill level 14 in Maces & Flails
 10297 | D:8      | Found an opulent altar of Gozag.
 10336 | D:8      | Found an ancient bone altar of Kikubaaqudgha.
 10784 | D:8      | You fall into a shaft and drop 1 floor!
 10803 | D:9      | Found a blossoming altar of Fedhas.
 10811 | D:10     | Entered Level 10 of the Dungeon
 10832 | D:10     | Reached skill level 1 in Throwing
 10832 | D:10     | Reached skill level 1 in Evocations
 10989 | D:9      | Noticed Erica
 10997 | D:9      | Killed Erica
 11163 | D:9      | Reached XP level 11. HP: 52/64 MP: 1/12
 11409 | D:9      | Noticed a tengu warrior
 11409 | D:9      | Noticed a manticore
 11411 | D:9      | Identified the +7 battleaxe "Nibyc" {spect, rC+++ Str-5
                  | Int+4}
 11463 | D:9      | Noticed a deep elf pyromancer
 11531 | D:9      | Killed a deep elf pyromancer
 11536 | D:9      | Killed a tengu warrior
 11537 | D:9      | Reached skill level 5 in Throwing
 11833 | D:9      | Noticed a green ugly thing
 11845 | D:9      | Killed a manticore
 11851 | D:9      | Killed a green ugly thing
 12236 | D:10     | Noticed Sonja
 12242 | D:10     | Sonja changed into Sonja the warg
 12242 | D:10     | Noticed Sonja
 12248 | D:10     | Killed Sonja the warg
 12710 | D:10     | Noticed Urug
 12719 | D:10     | Killed Urug
 12720 | D:10     | HP: 2/66 [yak (2)]
 12720 | D:10     | Slain by a yak

Illustrated notes

Levels and vault maps discovered:
D:1:      zelgadis_glass_arrival_small, layout_loops_ring, minmay_misc_feat_x,
          kennysheep_small_spiral
D:2:      minmay_recursive_quarters, layout_rooms, uniq_jessica, uniq_robin
D:3:      layout_basic, hangedman_decor_clover_reticule
D:4:      layout_loops_corners, minmay_temple_entry_tees
D:5:      layout_basic, kennysheep_little_box
D:6:      layout_loops_cross, serial_shops, nicolae_shop_crystal,
          nicolae_shop_advertising_works [nicolae_subvault_shop_adworks], shop,
          nicolae_shop_real_fake_doors, nicolae_shop_hallway_stairs,
          minmay_door_square
D:7:      layout_cave_pools, nicolae_ru_sacrificial_ziggurat,
          grunt_temple_overflow_open, uniq_joseph
D:8:      layout_basic, kiku_gazebo_pond_becter, nicolae_gozag_seed_capital,
          erik_lair_dragon, uniq_maurice, uniq_pikel, uniq_psyche, uniq_grum
D:9:      layout_basic, old_standard_altar, minmay_radiant, uniq_erica
D:10:     layout_small_grid, tso_oasis_becter, minmay_orc_entry_temple_small,
          minmay_misc_feat_secret_circle, uniq_snorg, uniq_urug, uniq_sonja
Temple:   hellmonk_temple_of_storms

Skill      XL: |  1  2  3  4  5  6  7  8  9 10 11 |
---------------+----------------------------------+-----
Fire Magic     | 4 5 |  5.9
Maces & Flails | 4 5 6 7 10 12 14 | 14.0
Armour         | 3 |  3.7
Fighting       | 5 6 |  6.9
Stealth        | 3 |  3.0
Throwing       | 3 6 |  6.0
Evocations     | 2 3 |  3.4
Spellcasting   | 2 |  2.0

Action                     |  1- 3 |  4- 6 |  7- 9 | 10-12 || total
---------------------------+-------+-------+-------+-------++-------
  Melee: Mace              |    26 |       |       |   177 ||   203
         Whip              |    44 |   116 |    78 |       ||   238
         Unarmed           |       |       |     4 |       ||     4
         Punch             |       |       |       |     5 ||     5
   Cast: Scorch            |       |    61 |   192 |   109 ||   362
 Invoke: Foxfire Swarm     |       |       |     1 |     2 ||     3
         Fiery Armour      |       |       |       |     2 ||     2
  Evoke: Wand              |       |       |       |     9 ||     9
 Armour: Robe              |    21 |    40 |       |       ||    61
         Ring mail         |       |    30 |    46 |       ||    76
         Steam dragon scal |       |       |    14 |   142 ||   156
  Dodge: Dodged            |    37 |    85 |    62 |   160 ||   344
